 Dungeon Crawl Stone Soup version 0.27-a0-1590-g15f69828bf (webtiles) character file.

Game seed: 7703064976657599832

172 MovingMist the Skirmisher (level 5, -6/33 HPs)
             Began as a Gargoyle Fighter on July 18, 2021.
             Killed by divine providence
             ... invoked by an orc priest
              (8 damage)
             ... on level 3 of the Dungeon.
             The game lasted 00:03:08 (3137 turns).

MovingMist the Skirmisher (Gargoyle Fighter)        Turns: 3137, Time: 00:03:09

Health: -6/33      AC: 12    Str: 19    XL:     5   Next: 52%
Magic:  5/5        EV:  8    Int:  9    God:
Gold:   124        SH:  9    Dex: 10    Spells: 4/4 levels left

rFire    . . .     SeeInvis .   a - +0 flail
rCold    . . .     Faith    .   c - +0 kite shield
rNeg     + . .     Spirit   .   b - +0 scale mail
rPois    ∞         Reflect  .   (no helmet)
rElec    +         Harm     .   g - +0 cloak
rCorr    .         Rampage  .   (no gloves)
Will     .....                  (no boots)
Stlth    ..........             (no amulet)
HPRegen  0.11/turn              (no ring)
MPRegen  0.09/turn              (no ring)

@: no status effects
A: sickness immunity, AC +4, negative energy resistance 1, electricity
resistance, torment resistance 1, petrification resistance
a: no special abilities


You were on level 3 of the Dungeon.
You visited 1 branch of the dungeon, and saw 3 of its levels.

You collected 124 gold pieces.

Inventory:

Hand Weapons
 a - a +0 flail (weapon)
Armour
 b - a +0 scale mail (worn)
 c - a +0 kite shield (worn)
 g - a +0 cloak (worn)
Scrolls
 e - a scroll of summoning {unknown}
 h - a scroll of vulnerability {unknown}
 i - a scroll of amnesia {unknown}
 j - a scroll of identify {unknown}
Potions
 d - a potion of might
 f - a potion of brilliance {unknown}
 k - a potion of flight {unknown}
 l - a potion of invisibility {unknown}
 m - 2 potions of ambrosia {unknown}
 n - a potion of haste {unknown}


   Skills:
 + Level 4.2 Fighting
 + Level 3.0 Maces & Flails
 + Level 4.1 Armour
 * Level 2.3 Dodging
 - Level 3.3 Shields


You had 4 spell levels left.
You didn't know any spells.
Your spell library was empty.

Dungeon Overview and Level Annotations

Branches:
Dungeon (3/15)

Altars:

Annotations:
D:2 1 runed translucent door, Crazy Yiuf


Innate Abilities, Weirdness & Mutations

You are immune to sickness and miasma.
Your stone body is resilient. (AC +4)
You are immune to poison.
You resist negative energy. (rN+)
You are resistant to electric shocks. (rElec)
You are resistant to unholy torment.
You are immune to petrification.


Message History

The orc wizard closely misses you.
The orc wizard hits you but does no damage.
You barely miss the orc wizard.
The orc wizard is heavily wounded.
The orc wizard hits you but does no damage.
You sock the orc wizard!
You kill the orc wizard!
Your Maces & Flails skill increases to level 3!
There is a stone staircase leading down, spattered with blood here.
Things that are here:
a +0 dagger; a +0 robe You start resting.
HP restored.
You climb downwards.
The bat closely misses you.
The orc priest calls down the wrath of Beogh upon you.
Pain shoots through your body!
There is a stone staircase leading up here.
Found 3 gold pieces.
The bat barely misses you. The bat hits you.
The orc priest hits you but does no damage.
You closely miss the orc priest. You block the bat's attack.
The bat closely misses you. You block the orc priest's attack.
You closely miss the orc priest. The bat hits you but does no damage.
The orc priest looks satisfied for a moment.
The orc priest mumbles some strange prayers to Beogh against you.
Beogh smites you!
You completely miss the orc priest. The bat hits you but does no damage.
The orc priest hits you but does no damage.
You barely miss the orc priest. You block the bat's attack.
The orc priest calls down the wrath of Beogh upon you.
Beogh smites you!
* * * LOW HITPOINT WARNING * * *
The orc priest invokes the aid of Beogh against you.
Pain shoots through your body!
* * * LOW HITPOINT WARNING * * *
You hit the orc priest but do no damage.
The bat barely misses you.
The orc priest invokes the aid of Beogh against you.
Beogh smites you!
You die...

# # .#.
##.##
####.o.####
#$...@....#
#.##...##.#
##b## #.#
#.# #.# #..
... ...


You could see an orc priest and a bat.

Vanquished Creatures
  Natasha (thrice) (D:2)
  An orc wizard (D:2)
  An adder (D:2)
  A worm (D:2)
  3 dart slugs (D:1)
  3 orcs (D:2)
  4 endoplasms
  2 giant cockroaches (D:2)
  4 goblins
  A hobgoblin (D:1)
  7 jackals
  3 kobolds
  4 quokkas
  7 ball pythons
  6 rats
50 creatures vanquished.

Vanquished Creatures (others)
  5 plants (D:1)
5 creatures vanquished.

Grand Total: 55 creatures vanquished

Notes
Turn   | Place    | Note
-------+----------+-------------------------------------------
     0 | D:1      | MovingMist the Gargoyle Fighter began the quest for the
                  | Orb.
     0 | D:1      | Reached XP level 1. HP: 14/14 MP: 1/1
   580 | D:1      | Reached XP level 2. HP: 19/19 MP: 2/2
   599 | D:1      | Found a faded altar of an unknown god.
   945 | D:1      | Reached skill level 1 in Dodging
   945 | D:1      | Reached XP level 3. HP: 23/23 MP: 3/3
  1474 | D:2      | Noticed Natasha
  1478 | D:2      | Reached XP level 4. HP: 25/29 MP: 4/4
  1493 | D:2      | Killed Natasha
  1494 | D:2      | HP: 1/29 [rat (2)]
  1501 | D:2      | Noticed Natasha
  1816 | D:2      | Killed Natasha
  2152 | D:2      | Noticed Natasha
  2161 | D:2      | Killed Natasha
  2162 | D:2      | Reached XP level 5. HP: 27/33 MP: 5/5
  2704 | D:2      | Found a runed translucent door.
  2705 | D:2      | Noticed Crazy Yiuf
  3137 | D:3      | Killed from afar by an orc priest

Illustrated notes

Levels and vault maps discovered:
D:1:      minmay_arrival_up_and_down, layout_rooms,
          ebering_ecumenical_altar_hall, serial_bayou_lagoon_b
D:2:      layout_loops_ring, minmay_misc_feat_secret_circle,
          uniq_crazy_yiuf_cottage, uniq_natasha
D:3:      layout_loops_ring, mainiacjoe_overflow_paths, uniq_terence,
          uniq_jessica, uniq_grinder

Skill      XL: |  1  2  3  4  5 |
---------------+----------------+-----
Dodging        | 1 2 |  2.3
Fighting       | 4 |  4.2
Armour         | 4 |  4.1
Maces & Flails | 3 |  3.0
Shields        | |  3.3

Action                   |  1- 3 |  4- 6 || total
-------------------------+-------+-------++-------
Melee: Flail             |   120 |    86 ||   206
Armor: Scale mail        |    73 |    62 ||   135
Dodge: Dodged            |    55 |    28 ||    83
Block: Kite shield       |    76 |    38 ||   114

Table legend: (Time is in decaauts)
 A = Elapsed time spent in this place.
 B = Non-inter-level travel time spent in this place.
 C = Inter-level travel time spent in this place.
 D = Time resting spent in this place.
 E = Time spent auto-exploring this place.
 F = Levels seen in this place.
 G = Mean time per level.
                   A        B        C        D        E       F      G
               +--------+--------+--------+--------+--------+-----+--------+
         Total |   3261 |   3209 |     52 |   1595 |   1098 |   3 | 1087.0 |
       Dungeon |   3261 |   3209 |     52 |   1595 |   1098 |   3 | 1087.0 |
               +--------+--------+--------+--------+--------+-----+--------+

Top non-repeatable levels by time:
     D:2: 1690 daAuts
     D:1: 1557 daAuts
     D:3: 13 daAuts
